 Dungeon Crawl Stone Soup version bcrawl-1.27.1d (webtiles) character file.

Game seed: 2919368445130838576

187054 Mehrunes the Basher (level 9, 71/71 HPs)
             Began as a Sand Dwarf Earth Elementalist on May 9, 2020.
             Quit the game in the Ecumenical Temple on July 22, 2020.
             The game lasted 00:22:02 (9727 turns).

Mehrunes the Basher (Sand Dwarf Earth Elementalist) Turns: 9727, Time: 00:22:03

Health: 71/71      AC: 11    Str: 15    XL:     9   Next: 53%
Magic:  12/12      EV:  8    Int: 17    God:
Gold:   441        SH:  6    Dex: 11    Spells: 1/12 levels left

rFire    . . .     SeeInvis .   j - +2 flail (crush)
rCold    . . .     Gourm    .   J - +0 buckler
rNeg     . . .     Faith    .   y - +0 chain mail
rPois    .         Spirit   .   (no helmet)
rElec    .         Reflect  .   (no cloak)
rCorr    .         Harm     .   O - +0 pair of gloves
MR       +....                  (no boots)
Stlth    ..........             q - amulet of the acrobat
HPRegen  0.21/turn              (no ring)
MPRegen  0.13/turn              (no ring)

@: slow
A: small, slowness 1, armour attunement
a: no special abilities


You were in the Ecumenical Temple.
You were very hungry.

You visited 2 branches of the dungeon, and saw 7 of its levels.

You collected 441 gold pieces.

Inventory:

Hand Weapons
 a - a +3 dagger of protection
 j - a +2 flail of crushing (weapon)
 L - a +2 whip of draining
 P - the +5 falchion of Dust {speed, Int+2 Dex+2}
   (You found it on level 6 of the Dungeon)

   Attacks with this weapon are significantly faster.
   It affects your intelligence (+2).
   It affects your dexterity (+2).
Missiles
 l - a throwing net {!f}
 C - 529 stones (quivered)
Armour
 c - a +0 robe
 m - a +0 leather armour
 n - a scarf of spirit shield
 o - a +0 ring mail
 y - a +0 chain mail (worn)
 J - a +0 buckler (worn)
 O - a +0 pair of gloves (worn)
Jewellery
 q - an amulet of the acrobat (around neck)
 t - an uncursed ring of fire
 u - an uncursed ring of attention
Wands
 B - a wand of polymorph (10)
 D - a wand of enslavement (6)
 H - a wand of digging (8)
Scrolls
 b - 3 scrolls of teleportation {unknown}
 d - 4 scrolls of remove curse
 g - 4 scrolls of identify {unknown}
 k - 3 scrolls of magic mapping {unknown}
 p - a scroll of noise {unknown}
 E - 2 scrolls of enchant armour {unknown}
 G - a scroll of fog {unknown}
 I - a scroll of amnesia {unknown}
 M - a scroll of enchant weapon {unknown}
Potions
 f - a potion of curing {unknown}
 h - 4 potions of flight {unknown}
 i - 2 potions of lignification {unknown}
 r - a potion of ambrosia {unknown}
 s - 3 potions of heal wounds {unknown}
 v - 2 potions of magic {unknown}
 w - 3 potions of haste {unknown}
 x - a potion of brilliance {unknown}
 z - a potion of invisibility {unknown}
 A - 2 potions of degeneration {unknown}
 F - a potion of mutation {unknown}
 N - a potion of resistance {unknown}
Comestibles
 e - 8 rations {!d}


   Skills:
 - Level 3.7 Fighting
 + Level 9.7 Maces & Flails
 + Level 6.9 Armour
 - Level 1.5 Dodging
 - Level 1.5 Stealth
 - Level 4.0 Shields
 - Level 2.0 Spellcasting
 - Level 0.7 Transmutations
 + Level 9.0 Earth Magic


You had one spell level left.
You knew the following spells:

 Your Spells              Type           Power        Failure   Level  Hunger
a - Sandblast             Erth           ####..       1%          1    None
b - Passwall              Tmut/Erth      ###.....     11%         2    ##.....
c - Stone Arrow           Conj/Erth      ###...       24%         3    ####...
d - Lee's Rapid Deconstr  Erth           ####......   34%         5    #######

Your spell library contained the following spells:

 Spells                   Type           Power        Failure   Level  Hunger
 Petrify                  Tmut/Erth      ###.......   56%         4    ######.


Dungeon Overview and Level Annotations

Branches:
Dungeon (6/12)             Temple (1/1) D:6

Altars:
Ashenzari
Cheibriados
Dithmenos
Elyvilon
Gozag
Hepliaklqana
Kikubaaqudgha
Lugonu
Makhleb
Nemelex Xobeh
Okawaru
Qazlal
Sif Muna
Trog
Uskayaw
Vehumet
Wu Jian
Xom
Yredelemnul
Zin
The Shining One


Innate Abilities, Weirdness & Mutations

You are small and have problems with some larger weapons.
You cover ground slowly.
Armour does not affect your spellcasting.


Message History

There is a corrupted altar of Lugonu here.
Found an iron altar of Okawaru.
Found an ornate altar of the Wu Jian Council.
Key pressed, stopping explore.
Found a sparkling altar of Nemelex Xobeh.
Found a hide-covered altar of Uskayaw.
Key pressed, stopping explore.
Found a glowing golden altar of the Shining One.
There is a sparkling altar of Nemelex Xobeh here.
Key pressed, stopping explore.
Key pressed, stopping explore.
You are feeling very hungry.
Key pressed, stopping explore.
There is a corrupted altar of Lugonu here.
Welcome back, Mehrunes the Sand Dwarf Earth Elementalist.
Press m to set your skill training.
Press ? for a list of commands and other information.
Unknown command.
Quiver which item? (- for none, * to show all) (? for menu, Esc to quit)
Okay, then.
Are you sure you want to abandon this character and quit the game? (Confirm with "yes".)

.................................
..._......................._.....
.................................
..............._.................
.................................
........._..........._...........
.................................
._.............<............._§..
................@...............≈
..........._......._...........≈§
≈.............................≈≈§
§≈...._................._....≈≈≈≈
≈≈≈.........................≈≈≈≈≈
≈≈≈§..........._........§.§§§§≈≈§
§≈§≈≈.....................≈§§§≈≈§
≈§§§≈≈.§._..........._..§≈§≈≈§≈≈≈
§≈≈§§≈.................≈≈≈≈§§≈≈≈


There were no monsters in sight!

Vanquished Creatures
  A hippogriff (D:5)
  2 ice beasts (D:6)
  5 ogres
  2 big kobolds
  A scorpion (D:5)
  A howler monkey (D:4)
  6 crimson imps
  2 hounds (D:6)
  3 orc wizards (D:3)
  3 gnoll shamans
  Jessica (D:2)
  2 iguanas
  Ijyb (D:3)
  Terence (D:2)
  2 worker ants
  A hound zombie (D:5)
  50 gnolls
  10 adders
  A shadow imp (D:6)
  4 oozes
  A worm (D:1)
  2 dart slugs (D:2)
  4 leopard geckos
  11 orcs
  A bat (D:3)
  3 giant cockroaches
  14 goblins
  13 hobgoblins
  26 jackals
  19 kobolds
  6 quokkas
  8 frilled lizards
  A quokka skeleton (D:5)
  A rat (D:2)
209 creatures vanquished.

Vanquished Creatures (collateral kills)
  Blork the orc (D:4)
  A crimson imp (D:4)
2 creatures vanquished.

Grand Total: 211 creatures vanquished

Notes
Turn   | Place    | Note
-------+----------+-------------------------------------------
     0 | D:1      | Mehrunes the Sand Dwarf Earth Elementalist began the quest
                  | for the Orb.
     0 | D:1      | Reached XP level 1. HP: 14/14 MP: 3/3
   144 | D:1      | Reached skill level 1 in Fighting
   144 | D:1      | Reached skill level 1 in Armour
   144 | D:1      | Reached XP level 2. HP: 23/23 MP: 0/5
   436 | D:1      | Reached XP level 3. HP: 28/28 MP: 4/6
   887 | D:2      | Learned a level 2 spell: Passwall
   891 | D:2      | Learned a level 3 spell: Stone Arrow
  1236 | D:2      | Noticed Terence
  1264 | D:2      | Killed Terence
  1264 | D:2      | Reached XP level 4. HP: 15/37 MP: 0/7
  1484 | D:2      | Noticed Jessica
  1490 | D:2      | Killed Jessica
  1490 | D:2      | Reached skill level 1 in Maces & Flails
  2421 | D:3      | Reached XP level 5. HP: 40/45 MP: 3/8
  2698 | D:3      | Reached XP level 6. HP: 49/52 MP: 5/9
  4044 | D:3      | Noticed Ijyb
  4377 | D:3      | Killed Ijyb
  4577 | D:4      | Reached skill level 5 in Earth Magic
  4805 | D:4      | Reached XP level 7. HP: 58/58 MP: 6/10
  5101 | D:4      | Noticed Blork the orc
  5113 | D:4      | Killed Blork the orc
  5115 | D:4      | Reached skill level 5 in Maces & Flails
  5127 | D:4      | Reached skill level 5 in Armour
  5228 | D:4      | Reached skill level 1 in Shields
  5504 | D:4      | Killed an ogre
  5736 | D:4      | Reached XP level 8. HP: 64/66 MP: 5/11
  6830 | D:4      | Noticed a shadow
  7475 | D:5      | Entered Level 5 of the Dungeon
  7786 | D:5      | Learned a level 5 spell: Lee's Rapid Deconstruction
  8262 | D:5      | Reached XP level 9. HP: 65/71 MP: 12/12
  9355 | D:6      | Got a dazzling falchion
  9356 | D:6      | Identified the +5 falchion of Dust {speed, Int+2 Dex+2}
                  | (You found it on level 6 of the Dungeon)
  9499 | D:6      | Found a staircase to the Ecumenical Temple.
  9548 | Temple   | Entered the Ecumenical Temple
  9727 | Temple   | Upgraded the game from bcrawl-1.22 to bcrawl-1.27.1d
  9727 | Temple   | Quit the game

Skill      XL: |  1  2  3  4  5  6  7  8  9 |
---------------+----------------------------+-----
Fighting       | 1 2 3 |  3.7
Armour         | 1 2 3 4 5 6 |  6.9
Earth Magic    | 4 5 6 7 9 |  9.0
Maces & Flails | 2 3 4 6 8 9 |  9.7
Shields        | 2 4 |  4.0
Dodging        | |  1.5
Stealth        | |  1.5
Spellcasting   | |  2.0
Transmutations | |  0.7

Action                   |  1- 3 |  4- 6 |  7- 9 || total
-------------------------+-------+-------+-------++-------
Melee: Dagger            |    32 |       |       ||    32
       Flail             |       |    93 |   417 ||   510
       Unarmed           |       |    11 |       ||    11
       Whip              |       |       |    16 ||    16
 Cast: Sandblast         |    38 |    51 |     9 ||    98
       Stone Arrow       |       |     9 |     8 ||    17
       Lee's Rapid Decon |       |       |     1 ||     1
Evoke: Wand              |       |       |     4 ||     4
  Use: Scroll            |       |     1 |       ||     1
 Stab: Distracted        |       |       |     1 ||     1
  Eat: Chunk             |     2 |    14 |    19 ||    35
Armor: Robe              |     6 |       |       ||     6
       Leather armour    |     1 |       |       ||     1
       Ring mail         |     4 |     3 |       ||     7
       Chain mail        |       |    61 |   156 ||   217
Dodge: Dodged            |    41 |   122 |   196 ||   359
Block: Buckler           |       |       |    82 ||    82
